 Dungeon Crawl Stone Soup version 0.21.1-1-g345015f (webtiles) character file.

15060 Mgcat the Fighter (level 12, -7/105 HPs)
             Began as a Barachi Berserker on Mar 3, 2018.
             Was a Priest of Trog.
             Killed from afar by a blizzard demon (28 damage)
             ... with a freezing blast
             ... on level 2 of the Abyss.
             The game lasted 00:57:47 (13097 turns).

Mgcat the Fighter (Barachi Berserker)              Turns: 13097, Time: 00:57:48

Health: -7/105     AC:  9    Str: 16 (18) XL:     12   Next: 23%
Magic:  12/12      EV: 10    Int:  2 (4)  God:    Trog [***...]
Gold:   739        SH:  3    Dex:  7 (9)  Spells: 11/11 levels left

rFire    . . .     SeeInvis .   P - +2 war axe
rCold    . . .     Gourm    .   E - +0 buckler
rNeg     . . .     Faith    .   y - +0 scale mail
rPois    +         Spirit   .   l - +0 helmet
rElec    .         Reflect  .   C - +0 cloak
rCorr    .         Harm     .   (no gloves)
MR       +....                  u - +0 pair of boots
Stlth    ..........             (no amulet)
HPRegen  0.00/turn              B - ring of protection from magic {MR+, !d}
MPRegen  0.13/turn              O - ring of poison resistance {rPois, !d}

@: non-regenerating, badly diseased, heavily drained, slow
A: +LOS, swims, [clumsy 2], [deformed body], [deterioration 2], [dopey 2],
[screaming 3], slowness 1, [weak 2], [MP-powered wands], strong legs 1
a: Hop, Berserk, Trog's Hand, Burn Spellbooks, Renounce Religion


You were on level 2 of the Abyss.
You worshipped Trog.
Trog was most pleased with you.
You were not hungry.

You visited 1 branch of the dungeon, and saw 11 of its levels.
You visited the Abyss 1 time.
You also visited: Ossuary.

You collected 799 gold pieces.
You spent 60 gold pieces at shops.

Inventory:

Hand Weapons
 a - a +0 battleaxe
   (You found it on level 10 of the Dungeon)
 b - a +0 hunting sling
   (You took it off a goblin on level 2 of the Dungeon)
 o - a +0 war axe of flaming
   (You took it off an orc priest on level 4 of the Dungeon)
 v - a +0 war axe
   (You took it off an orc warrior on level 11 of the Dungeon)
 P - a +2 war axe (weapon)
   (You took it off a wight on level 10 of the Dungeon)
 S - a +0 war axe
   (You took it off an orc wizard on level 11 of the Dungeon)
Missiles
 d - 307 stones
 i - 4 javelins
 x - 7 tomahawks of dispersal {=f}
 H - 103 sling bullets
 N - a throwing net (quivered) {=f, !d}
Armour
 l - a +0 helmet (worn)
   (You took it off Robin on level 2 of the Dungeon)
 p - the +0 helmet "Ponuviwk" {+Inv +Fly Regen+ Slay-5}
   (You found it on level 9 of the Dungeon)

   It affects your accuracy and damage with ranged weapons and melee attacks
   (-5).
   It lets you turn invisible.
   It lets you fly.
   It increases your rate of regeneration.
 u - a +0 pair of boots (worn)
   (You found it on level 2 of the Dungeon)
 y - a +0 scale mail (worn)
   (You found it on level 3 of the Dungeon)
 C - a +0 cloak (worn)
   (You found it on level 3 of the Dungeon)
 E - a +0 buckler (worn)
   (You found it on level 11 of the Dungeon)
Jewellery
 m - an uncursed ring of positive energy {rN+}
   (You found it on level 4 of the Dungeon)
 w - an uncursed ring of ice {rC+, rF-}
   (You found it on level 3 of the Dungeon)
 B - a ring of protection from magic (left hand) {MR+, !d}
   (You found it on level 3 of the Dungeon)
 O - a ring of poison resistance (right hand) {rPois, !d}
   (You found it on level 10 of the Dungeon)
Wands
 r - a wand of flame (25)
   (You found it on level 2 of the Dungeon)
 z - a wand of digging (11)
   (You found it on level 3 of the Dungeon)
 K - a wand of paralysis (8)
   (You found it on level 6 of the Dungeon)
Scrolls
 q - a scroll of fear
 I - 2 scrolls of magic mapping {!r}
 L - a scroll of identify
 R - a scroll of amnesia {unknown}
Potions
 e - a potion of agility {unknown}
 f - 3 potions of might {unknown}
 g - a potion of cancellation {unknown}
 j - a potion of haste
 k - 11 potions of curing
 n - 5 potions of mutation {!q}
 s - a potion of berserk rage {unknown}
 t - a potion of resistance {unknown}
 A - a potion of lignification {unknown}
 D - 2 potions of magic {unknown}
 F - a potion of invisibility {unknown}
 G - a potion of ambrosia
 J - 2 potions of flight
 M - 2 potions of brilliance {unknown}
Comestibles
 c - 12 rations


   Skills:
 + Level 13.6(12.0) Fighting
 + Level 12.6(11.1) Axes
 + Level 5.9(4.7) Slings
 + Level 9.3(7.9) Armour
 - Level 5.0(3.7) Dodging
 + Level 3.5(2.3) Shields


You had 11 spell levels left.
You didn't know any spells.

Dungeon Overview and Level Annotations

Branches:
Dungeon (11/15)            Temple (0/1) D:6            Lair (0/6) D:8
    Orc (0/2) D:10

Altars:
Elyvilon
Gozag
Hepliaklqana
Trog
Uskayaw

Shops:
D:4 ?:   D:11 }

Annotations:
D:9 exclusion: 3 upstairs


Innate Abilities, Weirdness & Mutations

Shadows flee at your approach. (+LOS)
You can swim through water.
You cover ground slowly.
You can hop short distances.
[You are very clumsy. (Dex -4)]
[Armour fits poorly on your strangely shaped body.]
[Your body often deteriorates upon taking damage.]
[You are very dopey. (Int -4)]
[You frequently scream uncontrollably at your foes.]
[You are very weak. (Str -4)]
[You expend magic power (3 MP) to strengthen your wands.]


Message History

The small abomination closely misses you.
You hit the small abomination but do no damage.
The small abomination is moderately damaged.
The small abomination barely misses you.
You closely miss the small abomination.
The small abomination is moderately damaged.
The small abomination hits you but does no damage.
You hit the small abomination but do no damage.
The small abomination is moderately damaged.
The small abomination hits you!
Your body deteriorates!
You feel weakened.
Your skin crawls.
You feel resistant to hostile enchantments.
You feel somewhat more hungry.
You block the small abomination's attack.
The small abomination hits you.
You hit the small abomination but do no damage.
The small abomination is moderately damaged.
The small abomination barely misses you.
You slash the small abomination!
The small abomination is severely damaged.
You are ready to hop once more.
The small abomination closely misses you.
You completely miss the small abomination.
The small abomination is severely damaged.
The small abomination hits you!!
Your body deteriorates!
You feel dopey.
You barely miss the small abomination.
The small abomination is severely damaged.
You block the small abomination's attack.
You slice the small abomination!!
You destroy the small abomination!
Trog accepts your kill.
Okay, then.
Unknown command.
You are confused.
You feel invigorated.
You feel less invigorated.
You feel less confused.
A starcursed mass splits.
You feel the effects of Trog's Hand fading.
A starcursed mass splits.
A chorus of shrieks assaults your mind.
A starcursed mass splits.
Your skin stops crawling.
You feel less resistant to hostile enchantments.
The starcursed mass shrieks in your mind.
The starcursed mass shrieks in your mind.
The starcursed mass shrieks in your mind.
You see here a blue potion.
M - 2 blue potions (gained 1)
The starcursed mass shrieks in your mind.
The starcursed mass shrieks in your mind.
A starcursed mass splits.
A starcursed mass splits.
The starcursed mass shrieks in your mind.
You feel yourself growing ill in the presence of the ancient zyme.
A large abomination comes into view.
The starcursed mass shrieks in your mind.
You feel ill.
The starcursed mass shrieks in your mind.
You feel ill.
As you read the scroll of teleportation, it crumbles to dust.
You feel strangely unstable.
You feel the power of the Abyss delaying your translocation!
The ancient zyme hits you.
The ancient zyme hits you but does no damage.
A chorus of shrieks assaults your mind.
You feel ill.
You feel ill.
You feel ill.
Found a gateway leading out of the Abyss.
Okay, then.
You feel ill.
The ancient zyme hits you but does no damage.
The ancient zyme hits you.
* * * LOW HITPOINT WARNING * * *
There is a gateway leading out of the Abyss here.
You stop ascending the stairs.
You are suddenly pulled into a different region of the Abyss!
A blizzard demon comes into view.
The blizzard demon shouts!
The blizzard demon waves its arms in wide circles.
The air twists around and strikes you!
* * * LOW HITPOINT WARNING * * *
You see here 34 gold pieces.
Your skin crawls.
You feel resistant to hostile enchantments.
You feel somewhat more hungry.
Okay, then.
You feel the effects of Trog's Hand fading.
The blizzard demon waves its arms in wide circles.
The air twists around and strikes you!
* * * LOW HITPOINT WARNING * * *
Your body deteriorates!
You feel weakened.
Your skin stops crawling.
You feel less resistant to hostile enchantments.
The blizzard demon gestures at you. The freezing blast engulfs you!
You die...

.. ............≈≈≈≈≈≈≈≈
... #.(... .....≈≈≈≈≈≈≈
...###...###.≈≈#≈≈≈≈≈≈#
....#.....#..≈≈≈≈≈≈≈..≈.
.............≈≈≈♣≈≈≈≈.≈≈.
.............≈≈≈≈≈≈≈≈≈...
............≈.≈≈≈≈≈≈≈≈≈.
..#.....#.....#≈≈≈≈≈≈≈.
##..@###...###≈≈≈≈≈≈≈
.............2...≈♣≈ ≈≈≈≈
................≈≈≈≈≈≈≈≈≈
..#.....#.....#.≈≈≈≈ ≈≈.
##...###...###≈♣≈≈♣≈ ≈.
#.... #.....#$..≈≈≈≈ ≈.
..................≈≈≈≈..
...................≈≈≈♣≈
...................≈≈ ≈≈≈


You could see a blizzard demon.

Vanquished Creatures
  A hydra (D:11)
  The ghost of Quirk the Blocker, a journeyman GnFi of Ashenzari (D:11)
  2 two-headed ogres
  A thrashing horror (Abyss:2)
  A wretched star (Abyss:2)
  An ugly thing (D:11)
  A worldbinder (Abyss:2)
  A centaur zombie (D:10)
  A cyclops (D:11)
  An orange demon (D:11)
  6 polar bears
  A merfolk (D:9)
  A hippogriff (D:8)
  2 small abominations (Abyss:2)
  7 yaks
  2 hungry ghosts (D:7)
  A water moccasin (D:9)
  A large abomination (Abyss:2)
  A porcupine (D:8)
  7 orc warriors
  3 ice beasts (D:8)
  A black bear (D:8)
  7 sky beasts
  An eye of draining (D:7)
  A phantom (D:5)
  5 ogres
  4 wolves
  6 centaurs
  A manticore skeleton (Abyss:2)
  A big kobold (D:10)
  3 bullfrogs
  2 water moccasin zombies (Ossuary)
  A wyvern skeleton (D:7)
  2 scorpions
  5 wights (D:10)
  A howler monkey (D:4)
  7 electric eels
  4 crimson imps
  2 quasits
  A bullfrog zombie (D:7)
  6 hounds
  11 orc wizards
  2 wyvern simulacra
  6 orc priests
  2 water moccasin simulacra
  2 bullfrog skeletons
  A centaur skeleton (D:5)
  Terence (D:3)
  2 iguanas
  6 worker ants
  A bullfrog simulacrum (D:9)
  A centaur simulacrum (D:9)
  A big kobold zombie (Ossuary)
  2 mummies (Ossuary)
  Robin (D:2)
  A worker ant zombie (D:5)
  7 gnolls
  9 adders
  A shadow imp (D:5)
  7 white imps
  A howler monkey simulacrum (D:8)
  2 worker ant simulacra (D:8)
  3 ufetubi
  An ooze (D:2)
  10 adder zombies (Ossuary)
  2 worms
  3 dart slugs
  3 leopard geckos
  50 orcs
  7 bats
  6 giant cockroaches
  5 gnoll zombies (Ossuary)
  19 goblins
  7 hobgoblins
  6 jackals
  4 quokkas
  A ball python (D:5)
  A ball python skeleton (D:4)
  4 frilled lizards
  3 hobgoblin zombies (Ossuary)
  14 kobolds
  A kobold zombie (Ossuary)
  A leopard gecko skeleton (D:7)
  A leopard gecko zombie (D:8)
  4 orc zombies (Ossuary)
  A quokka skeleton (D:6)
  7 rats
335 creatures vanquished.

Vanquished Creatures (others)
  2 fungi (D:8)
  13 starspawn tentacles (Abyss:2)
15 creatures vanquished.

Grand Total: 350 creatures vanquished

Notes
Turn   | Place    | Note
-------+----------+-------------------------------------------
     0 | D:1      | Mgcat the Barachi Berserker began the quest for the Orb.
     0 | D:1      | Reached XP level 1. HP: 18/18 MP: 1/1
    83 | D:1      | Reached XP level 2. HP: 19/25 MP: 2/2
   102 | D:1      | Reached skill level 4 in Fighting
   901 | D:1      | Reached XP level 3. HP: 27/31 MP: 3/3
   982 | D:2      | Noticed Robin
  1020 | D:2      | Reached skill level 4 in Axes
  1028 | D:2      | Killed Robin
  1043 | D:2      | Reached ** piety under Trog
  1043 | D:2      | Reached XP level 4. HP: 23/38 MP: 4/4
  1518 | D:2      | Found a hazy altar of Hepliaklqana.
  1667 | D:2      | Reached skill level 5 in Fighting
  1911 | D:3      | Noticed Terence
  1921 | D:3      | Killed Terence
  1921 | D:3      | Reached skill level 1 in Slings
  1921 | D:3      | Reached XP level 5. HP: 33/44 MP: 5/5
  2690 | D:4      | Reached skill level 5 in Axes
  2690 | D:4      | Reached skill level 2 in Slings
  2694 | D:4      | Reached XP level 6. HP: 36/52 MP: 6/6
  2737 | D:4      | Found Necyedimn's Magic Scroll Emporium.
  2740 | D:4      | Reached *** piety under Trog
  2762 | D:4      | Bought a scroll of fog for 22 gold pieces
  2762 | D:4      | Bought a scroll of fear for 38 gold pieces
  2793 | D:4      | Reached skill level 6 in Fighting
  3098 | D:4      | Found Nyosaij's Book Shoppe.
  3273 | D:4      | Found an opulent altar of Gozag.
  3294 | D:5      | Entered Level 5 of the Dungeon
  3309 | D:5      | Reached skill level 6 in Axes
  3309 | D:5      | Reached XP level 7. HP: 56/59 MP: 7/7
  3332 | D:5      | Got a shimmering robe
  3362 | D:5      | Reached skill level 7 in Fighting
  3526 | D:5      | Found a sand-covered staircase.
  3531 | Ossuary  | Entered an ossuary
  3625 | Ossuary  | Reached skill level 7 in Axes
  3676 | Ossuary  | Reached skill level 8 in Fighting
  3690 | Ossuary  | Reached XP level 8. HP: 53/68 MP: 8/8
  3859 | Ossuary  | Reached **** piety under Trog
  4446 | D:5      | Found a bloodstained altar of Trog.
  4512 | D:5      | Reached skill level 8 in Axes
  4516 | D:5      | Reached skill level 9 in Fighting
  5055 | D:6      | Found a staircase to the Ecumenical Temple.
  5145 | D:6      | Found a white marble altar of Elyvilon.
  5522 | D:6      | Reached skill level 9 in Axes
  5589 | D:7      | Reached XP level 9. HP: 58/78 MP: 9/9
  5703 | D:7      | Reached skill level 10 in Fighting
  6123 | D:7      | Reached skill level 10 in Axes
  6507 | D:8      | Noticed a polar bear
  6613 | D:7      | Killed a polar bear
  6613 | D:7      | Reached ***** piety under Trog
  6613 | D:7      | Reached skill level 11 in Fighting
  6613 | D:7      | Reached skill level 3 in Armour
  6693 | D:7      | HP: 16/81 [yak (13)]
  6706 | D:7      | HP: 20/81 [yak (8)]
  6711 | D:7      | Reached skill level 4 in Armour
  7071 | D:8      | Reached XP level 10. HP: 88/88 MP: 10/10
  7140 | D:8      | Reached skill level 5 in Armour
  7335 | D:8      | Reached skill level 11 in Axes
  7447 | D:8      | Received a gift from Trog
  7474 | D:8      | Reached skill level 12 in Fighting
  7501 | D:8      | Reached skill level 6 in Armour
  7669 | D:8      | Noticed a hand axe
  7669 | D:8      | Noticed a hand axe
  7681 | D:8      | Found a hide-covered altar of Uskayaw.
  7749 | D:8      | HP: 21/90 [electric eel/bolt of electricity (6)]
  8236 | D:8      | Found a staircase to the Lair.
  8269 | D:8      | Reached skill level 3 in Slings
  8419 | D:8      | Reached skill level 7 in Armour
  8662 | D:9      | Received a gift from Trog
  8873 | D:9      | Got a faintly glowing helmet
  8884 | D:9      | Identified the cursed +0 helmet "Ponuviwk" {+Inv +Fly Regen+ Slay-5} (You found it on level 9 of the Dungeon)
  8964 | D:8      | Noticed a sphinx
  8964 | D:8      | Paralysed by a sphinx for 6 turns
  8965 | D:8      | Noticed a cyclops
  9219 | D:9      | Reached XP level 11. HP: 96/96 MP: 11/11
  9228 | D:9      | HP: 23/96 [polar bear (3)]
  9664 | D:9      | Reached skill level 4 in Slings
 10081 | D:10     | Entered Level 10 of the Dungeon
 10199 | D:10     | Received a gift from Trog
 10381 | D:10     | Noticed a two-headed ogre
 10396 | D:10     | Killed a two-headed ogre
 10396 | D:10     | Reached skill level 12 in Axes
 10396 | D:10     | Reached skill level 8 in Armour
 10701 | D:10     | Reached skill level 13 in Fighting
 10701 | D:10     | Reached skill level 3 in Dodging
 10756 | D:10     | Found a staircase to the Orcish Mines.
 11104 | D:11     | Noticed Quirk's ghost (journeyman GnFi)
 11120 | D:11     | Killed Quirk's ghost
 11555 | D:11     | Got a dull robe
 11579 | D:11     | Noticed a cyclops
 11599 | D:11     | Killed a cyclops
 11599 | D:11     | Reached skill level 5 in Slings
 11683 | D:11     | Noticed a white ugly thing
 11698 | D:11     | HP: 32/147 [white ugly thing (29)]
 11701 | D:11     | Killed a white ugly thing
 11701 | D:11     | Reached skill level 1 in Shields
 11708 | D:11     | HP: 22/98 [orc warrior/war axe (2)]
 11948 | D:11     | Noticed a five-headed hydra
 11959 | D:11     | Killed a one-headed hydra
 11959 | D:11     | Reached skill level 4 in Dodging
 11964 | D:11     | Reached skill level 2 in Shields
 11968 | D:11     | Noticed a two-headed ogre
 12207 | D:11     | Killed a two-headed ogre
 12207 | D:11     | Reached skill level 9 in Armour
 12289 | D:11     | Found Romu Qej's Gadget Emporium.
 12388 | D:11     | Reached XP level 12. HP: 64/105 MP: 12/12
 12520 | D:11     | Cast into level 2 of the Abyss (red devil)
 12584 | Abyss:2  | Noticed a lich
 12695 | Abyss:2  | Reached skill level 3 in Shields
 12761 | Abyss:2  | Noticed a thrashing horror
 12769 | Abyss:2  | Killed a thrashing horror
 12808 | Abyss:2  | Noticed a tentacled starspawn
 12859 | Abyss:2  | Noticed a tentacled starspawn
 12915 | Abyss:2  | Noticed a wretched star
 12941 | Abyss:2  | Killed a wretched star
 12941 | Abyss:2  | Reached skill level 5 in Dodging
 12985 | Abyss:2  | Noticed a tentacled starspawn
 12985 | Abyss:2  | Noticed an eidolon
 12997 | Abyss:2  | HP: 26/105 [eidolon/bolt of negative energy (36)]
 13039 | Abyss:2  | Noticed a starcursed mass
 13086 | Abyss:2  | Noticed a blizzard demon
 13087 | Abyss:2  | HP: 24/105 [blizzard demon/the air (7)]
 13093 | Abyss:2  | HP: 20/105 [blizzard demon/the air (11)]
 13097 | Abyss:2  | Killed from afar by a blizzard demon

Skill      XL: |  1  2  3  4  5  6  7  8  9 10 11 12 |
---------------+-------------------------------------+-----
Fighting       | 4 5 6 8 9 11 12 13 | 13.6
Axes           | 4 5 6 7 9 10 11 12 | 12.6
Slings         | 1 2 3 5 |  5.9
Armour         | 4 7 9 |  9.3
Dodging        | 4 5 |  5.0
Shields        | 2 3 |  3.5

Action                   |  1- 3 |  4- 6 |  7- 9 | 10-12 || total
-------------------------+-------+-------+-------+-------++-------
Melee: Hand axe          |    81 |     6 |       |       ||    87
       Short sword       |       |   158 |   420 |   318 ||   896
       War axe           |       |       |       |   307 ||   307
 Fire: Hunting sling     |       |       |    13 |    98 ||   111
Throw: Stone             |       |       |     3 |     4 ||     7
       Javelin           |       |       |       |    10 ||    10
       Throwing net      |       |       |       |     1 ||     1
Invok: Berserk           |     3 |     3 |    14 |    25 ||    45
       Trog's Hand       |       |     1 |     4 |    30 ||    35
       Burn Spellbooks   |       |     1 |     1 |     2 ||     4
 Abil: Hop               |       |       |     1 |     1 ||     2
  Use: Scroll            |       |     5 |     5 |    18 ||    28
       Potion            |       |       |     3 |     6 ||     9
  Eat: Chunk             |     1 |    11 |    17 |    30 ||    59
       Ration            |     1 |       |     4 |     8 ||    13
Armor: Animal skin       |     8 |       |       |       ||     8
       Ring mail         |    16 |    26 |       |       ||    42
       Scale mail        |       |    42 |   212 |   303 ||   557
       Leather armour    |       |       |     1 |       ||     1
Dodge: Dodged            |    46 |   100 |   239 |   347 ||   732
Block: Buckler           |       |       |       |    35 ||    35

Vault maps used:
D:1:      lightli_iron_boxes
D:2:      old_standard_altar, first_ration, uniq_robin
D:3:      kennysheep_generic_room_6, uniq_terence
D:4:      kennysheep_mini, serial_shops, nicolae_shop_stone, shop,
          hangedman_decor_riveting
D:5:      corexii_shack_village, bloody_trog, nicolae_ossuary_entry_plus
D:6:      minmay_temple_entry_crystal_x, elyvilon_altar_5
D:7:      serial_corexii_hall, corexii_hall_statues_u, corexii_hall_statues_l,
          corexii_hall_statues_deadend
D:8:      minmay_klotski, dancing_weapons_uskayaw,
          grunt_lair_entry_orc_guard_hut, serial_ice, serial_ice_i,
          serial_ice_a, serial_ice_n, serial_ice_m, serial_ice_c, serial_ice_g,
          serial_ice_e, serial_ice_o
D:9:      serial_ice, serial_ice_l, serial_ice_g, serial_ice_f, serial_ice_b,
          hangedman_fish_farm, minmay_misc_feat_doors
D:10:     david_orc_4
D:11:     statuecave_lemuel, serial_shops, shop, minmay_beelzebubs_servants
Abyss:2:  evilmike_abyss_exit_7
Ossuary:  ossuary_tomb_2

Table legend:
 A = Turns spent in this place as a percentage of turns spent in the entire game.
 B = Non-inter-level travel turns spent in this place as a percentage of non-inter-level travel turns spent in the entire game.
 C = Inter-level travel turns spent in this place as a percentage of turns spent in this place.
 D = Turns resting spent in this place as a percentage of non-inter-level travel turns spent in this place.
 E = Turns spent auto-exploring this place as a percentage of non-inter-level travel turns spent in this place.
 F = Non-inter-level travel turns spent in this place divided by the number of levels of this place that you've seen.
                   A       B       C       D       E      F
               +-------+-------+-------+-------+-------+----------------------
         Total | 100.0 | 100.0 |   3.9 |  14.7 |  55.2 | 968.6
       Dungeon |  91.5 |  91.2 |   4.2 |  13.3 |  60.3 | 1043.9
         Abyss |   4.4 |   4.6 |   0.0 |   0.0 |   0.0 | 577.0
       Ossuary |   4.1 |   4.2 |   0.0 |  61.1 |   4.3 | 532.0
               +-------+-------+-------+-------+-------+----------------------

Table legend:
 A = Kills in this place as a percentage of kills in entire the game.
 B = Kills by you in this place as a percentage of kills by you in the entire game.
 C = Kills by friends in this place as a percentage of kills by friends in the entire game.
 D = Other kills in this place as a percentage of other kills in the entire game.
 E = Experience gained in this place as a percentage of experience gained in the entire game.
 F = Experience gained in this place divided by the number of levels of this place that you have seen.
                   A       B       C       D       E      F
               +-------+-------+-------+-------+-------+----------------------
         Total | 100.0 | 100.0 |   N/A |   N/A | 100.0 | 1655.0
       Dungeon |  89.6 |  89.6 |   N/A |   N/A |  86.2 | 1685.2
         Abyss |   2.1 |   2.1 |   N/A |   N/A |  12.5 | 2694.0
       Ossuary |   8.4 |   8.4 |   N/A |   N/A |   1.3 | 284.0
               +-------+-------+-------+-------+-------+----------------------
